 Dungeon Crawl Stone Soup version 0.29.1-13-g9f3cf754e1 (webtiles) character file.

Game seed: 12679805761800206786

56 KittyFluff the Trooper (level 3, -4/36 HPs)
             Began as a Gargoyle Berserker on Jan 21, 2023.
             Was a Believer of Trog.
             Killed from afar by Sigmund (6 damage)
             ... with a magic dart
             ... on level 2 of the Dungeon.
             The game lasted 00:05:37 (1437 turns).

KittyFluff the Trooper (Gargoyle Berserker)         Turns: 1437, Time: 00:05:38

Health: -4/36      AC:  9    Str: 20    XL:     3   Next: 97%
Magic:  3/3        EV: 12    Int:  7    God:    Trog [**....]
Gold:   92         SH:  0    Dex: 11    Spells: 2/2 levels left

rFire   . . .      SeeInvis .   a - +0 mace
rCold   . . .      Faith    .   (no shield)
rNeg    + . .      Spirit   .   b - +0 animal skin
rPois   ∞          Reflect  .   (no helmet)
rElec   +          Harm     .   (no cloak)
rCorr   .          Rampage  .   (no gloves)
Will    .....                   (no boots)
Stlth   ..........              (no amulet)
HPRegen 0.12/turn               j - +4 ring of protection
MPRegen 0.08/turn               (no ring)

@: berserking, very quick
A: sickness immunity, AC +3, negative energy resistance 1, electricity
resistance, torment resistance 1, petrification resistance
a: Renounce Religion, Berserk, Trog's Hand


You were on level 2 of the Dungeon.
You worshipped Trog.
Trog was pleased with you.
You visited 1 branch of the dungeon, and saw 2 of its levels.

You collected 92 gold pieces.

Inventory:

Hand Weapons
 a - a +0 mace (weapon)
 m - a +0 sling
Missiles
 k - 27 stones (quivered)
 l - 2 poisoned darts
Armour
 b - a +0 animal skin (worn)
 o - a +0 ring mail
Jewellery
 j - a +4 ring of protection (left hand)
Scrolls
 c - a scroll of blinking {unknown}
 f - 2 scrolls of identify {unknown}
 g - a scroll of fear {unknown}
 i - a scroll of noise {unknown}
 n - a scroll of magic mapping {unknown}
 p - a scroll of fog {unknown}
Potions
 d - a potion of haste
 e - a potion of lignification {unknown}
 h - a potion of resistance {unknown}


   Skills:
 + Level 3.8 Fighting
 + Level 3.8 Maces & Flails
 * Level 2.7 Armour
 + Level 1.8 Dodging
 + Level 0.4 Stealth


You had 2 spell levels left.
You didn't know any spells.
Your spell library was empty.

Dungeon Overview and Level Annotations

Branches:
Dungeon (2/15)

Altars:

Annotations:
D:1 2 transporters
D:2 Sigmund


Innate Abilities, Weirdness & Mutations

You are immune to sickness and miasma.
Your stone body is resilient. (AC +3)
You are immune to poison.
You resist negative energy. (rN+)
You are resistant to electric shocks. (rElec)
You are resistant to unholy torment.
You are immune to petrification.


Message History

The magic dart hits you but does no damage.
The hobgoblin attacks as you move away! The hobgoblin closely misses you.
Sigmund barely misses you. The hobgoblin attacks as you move away!
The hobgoblin closely misses you.
You hit the hobgoblin.
The hobgoblin is moderately wounded.
Sigmund misses you. The hobgoblin closely misses you.
You closely miss the hobgoblin.
The hobgoblin is moderately wounded.
Sigmund casts a spell.
Sigmund flickers and vanishes!
Deactivating autopickup; reactivate with Ctrl-A.
The hobgoblin hits you. Something hits you but does no damage.
The hobgoblin hits you but does no damage.
You barely miss the hobgoblin.
The hobgoblin is moderately wounded.
Something hits you!
* * * LOW HITPOINT WARNING * * *
The hobgoblin hits you.
* * * LOW HITPOINT WARNING * * *
Unknown command.
A red film seems to cover your vision as you go berserk!
You feel yourself moving faster!
You feel mighty! Something hits you but does no damage.
The hobgoblin misses you.
You hit the hobgoblin.
You kill the hobgoblin!
Trog accepts your kill. Something barely misses you. Something hits you.
* * * LOW HITPOINT WARNING * * *
You see here a hobgoblin corpse.
You miss something.
You hear some strange, mumbled words.
A puff of flame appears from out of thin air!
The puff of flame misses you.
You hit something.
You hear some strange, mumbled words.
A magic dart appears from out of thin air!
The magic dart hits you.
You die...

#####.#.#.#### .#.#..#
#####......... ......###
.>#...#.#.####.#........
#...#.....####.#......^.
#####
#......†................
....
#.######.#####.#........
#... #.# #.# #......####
#... #.# #.# ###{##.#
###... #.# #.# #@# #
#..... #.# #.# #.#
#..... #.# ###.#######.#
......
#.####...........#
###...
.....#.........†.# #...
.....#...........# #...
.....#...........#..
+...
.....###.#######.#.#
#... .....###.# #.#.#
#...


There were no monsters in sight!

Vanquished Creatures
  2 adders (D:2)
  2 dart slugs
  A ball python (D:1)
  3 bats
  3 endoplasms (D:1)
  2 giant cockroaches (D:2)
  4 goblins
  3 hobgoblins
  3 kobolds
  A quokka (D:2)
  A frilled lizard (D:2)
  7 rats
32 creatures vanquished.

Notes
Turn   | Place    | Note
-------+----------+-------------------------------------------
     0 | D:1      | KittyFluff the Gargoyle Berserker began the quest for the
                  | Orb.
     0 | D:1      | Reached XP level 1. HP: 14/14 MP: 1/1
   251 | D:1      | Reached XP level 2. HP: 13/19 MP: 2/2
   477 | D:1      | Found a faded altar of an unknown god.
  1165 | D:2      | Reached XP level 3. HP: 24/24 MP: 3/3
  1191 | D:2      | Reached ** piety under Trog
  1423 | D:2      | Noticed Sigmund
  1437 | D:2      | Killed from afar by Sigmund

Illustrated notes

Levels and vault maps discovered:
D:1:      spicycebolla_arrival_transporter_tutorial, layout_loops_corners,
          shapermc_ecumenical_altar_rom_forum
D:2:      layout_basic, serial_glass, glass_columns_a, glass_columns_a,
          glass_columns_b, glass_columns_b, kennysheep_generic_room_7,
          uniq_sigmund, uniq_natasha

Action                   || total
-------------------------++-------
Melee: Mace              ||   101
       Punch             ||     1
Invok: Berserk           ||     1
 Stab: Sleeping          ||     1
Armor: Animal skin       ||    42
Dodge: Dodged            ||    69
